cohdb
Replays
Latest Replays
All Replays
Popular Replays
Top Player Replays
Match Explorer
How It Works
Community
CoH3 Stats
Reddit
Sign in to upload your games and track your stats! →
Sign in with Steam
Match 42953646
Unlisted
Match 42953646
Overview
Messages
Build Orders
End
Panzerpioneer Squad
250 Light Carrier
Selects Panzerjäger Kommand Battlegroup
Selects Mine Fields
250 Light Carrier
Construct Light Support Kompanie
Panzerpioneer Squad
MG34 Team
Selects GrB 39 Grenade Launcher Requisition
Fire Support Elements
Panzerjäger Mechanized Group
Flakvierling Half-track
Vehicle Survival Package
Tungsten Core Ammunition
Selects Crew Shock Tactics
Selects Early Warning
Panzerjäger Squad
250 Light Carrier
Construct Panzerarmee Kommand
Assault Grenadier Squad
Panzer III L Medium Tank
Selects Butterfly Bomb Drop
Butterfly Bomb Drop
Emergency Repair Kits
Panzer III L Medium Tank
Leonardo180
ManFrau
Venom29er
Shiznit
Panzer
Hauptmann
krispykreme34
gihof NAFO
0
0
Comments
sign in to comment!
No comments posted yet!